 Dungeon Crawl Stone Soup version 0.29-a0-477-g62b78b4225 (webtiles) character file.

Game seed: 1665423946885487478

19 spaghetti the Grave Robber (level 2, -5/19 HPs)
             Began as a Mummy Necromancer on May 24, 2022.
             Killed from afar by Ijyb (12 damage)
             ... with a puff of flame
             ... on level 3 of the Dungeon.
             The game lasted 00:01:03 (981 turns).

spaghetti the Grave Robber (Mummy Necromancer)       Turns: 981, Time: 00:01:04

Health: -5/19      AC:  2    Str: 11    XL:     2   Next: 55%
Magic:  3/5        EV: 12    Int: 14    God:
Gold:   36         SH:  0    Dex: 12    Spells: 5/6 levels left

rFire   x . .      SeeInvis .   d - +2 dagger (flame) {short}
rCold   + . .      Faith    .   (no shield)
rNeg    + + +      Spirit   .   a - +0 robe
rPois   ∞          Reflect  .   (no helmet)
rElec   .          Harm     .   (no cloak)
rCorr   .          Rampage  .   (no gloves)
Will    .....                   (no boots)
Stlth   ++........              (no amulet)
HPRegen 0.06/turn               (no ring)
MPRegen 0.09/turn               (no ring)

@: no status effects
A: cold resistance 1, negative energy resistance 3, torment resistance 2, heat
vulnerability 1, no potions
a: no special abilities


You were on level 3 of the Dungeon.
You visited 1 branch of the dungeon, and saw 3 of its levels.

You collected 36 gold pieces.


Innate Abilities, Weirdness & Mutations

You are immune to poison.
Your flesh is cold resistant. (rC+)
You are immune to negative energy. (rN+++)
You are immune to unholy pain and torment.
You are vulnerable to heat. (rF-)
You do not drink.


   Skills:
 - Level 1.5 Dodging
 - Level 1.5 Stealth
 - Level 2.6 Spellcasting
 + Level 4.7 Necromancy


You had 5 spell levels left.
You knew the following spells:

 Your Spells              Type           Power      Damage    Failure   Level
a - Necrotize             Necr           60%        1d7       3%          1

Your spell library contained the following spells:

 Spells                   Type           Power      Damage    Failure   Level
 Vampiric Draining        Necr           15%        2d7       10%         3
 Animate Dead             Necr           15%        N/A       30%         4
 Gell's Gravitas          Tloc           1%         N/A       54%         3
 Teleport Other           Tloc           1%         N/A       54%         3
 Agony                    Necr           15%        N/A       65%         5
 Dispersal                Tloc           0%         N/A       100%        6

Inventory:

Hand Weapons
 d - a +2 dagger of flaming (weapon) {short}
   (You took it off a kobold on level 1 of the Dungeon)
Missiles
 c - 48 stones {throwing}
Armour
 a - a +0 robe (worn)
Scrolls
 b - a scroll of identify {@r1}
 e - a scroll of teleportation {@r4}
 f - a scroll of fog
 g - a scroll of immolation {unknown}

Dungeon Overview and Level Annotations

Branches:
Dungeon (2/15)

Altars:

Annotations:
D:3 Ijyb

#######...
#.@g......
#.#####.##
#.# #.# #.#
########
#.#
.......##
#)#
###...###.#
#.........#


You could see Ijyb.


Message History

You assume a fearsome visage.
Nothing appears to happen.
It was a scroll of fear.
Done exploring.
As you read the scroll labelled JUEGIE LUGHI, it crumbles to dust.
It is a scroll of identify.
e - a scroll of teleportation
As you read the scroll of identify {@r1}, it crumbles to dust.
f - a scroll of fog Done exploring.
Done exploring.
Done exploring.
(D) Dungeon
Where to? (? - help)
You see here a bubbling amethyst potion.
You see here a bat corpse.
You see here a +0 spear {polearm}.
There is a stone staircase leading down here.
You climb downwards.
A sourceless malevolence fills the Dungeon...
You fall into a shaft and drop 1 floor!
The shaft crumbles and collapses.
A giant cockroach comes into view.
A giant cockroach is nearby!
A giant cockroach is nearby!
The giant cockroach bites you. 😕 HP[-2]
You take 2 damage, and now have 17/19 hp.
You are too injured to fight recklessly!
You are too injured to fight recklessly!
You are too injured to fight recklessly!
You are too injured to fight recklessly!
You are too injured to fight recklessly!
You are too injured to fight recklessly!
You are too injured to fight recklessly!
You are too injured to fight recklessly!
You are too injured to fight recklessly!
You are too injured to fight recklessly!
You are too injured to fight recklessly!
You are too injured to fight recklessly!
You are too injured to fight recklessly!
You hit the giant cockroach. You burn the giant cockroach.
The giant cockroach barely misses you. The giant cockroach bites you. 😕 HP[-1]
You take 1 damage, and now have 16/19 hp.
You hit the giant cockroach. You burn the giant cockroach.
You kill the giant cockroach!
You see here a giant cockroach corpse. 😕 HP[+1]
A bat comes into view. 😎 HP[+2]
Your hp is fully restored (19).
A bat is nearby!
A bat is nearby!
You hit the bat. You burn the bat.
You kill the bat!
No target in view!
No target in view!
No target in view!
No target in view!
No target in view!
No target in view!
No target in view!
g - a scroll labelled CIRAIZX GISASAE You see here a +0 short sword {short}.
Ijyb the Twisted Goblin comes into view.
She is wielding a +0 dagger and carrying a wand of flame (3).
The helpless Ijyb fails to defend herself.
You hit Ijyb. You burn Ijyb.
Ijyb hits you with a +0 dagger. 😮 HP[-5]
You take 5 damage, and now have 14/19 hp.
MASSIVE DAMAGE!! (PAUSE)
You are too injured to fight recklessly!
You barely miss Ijyb.
Ijyb hits you with a +0 dagger. 😮 HP[-1]
You take 1 damage, and now have 13/19 hp.
You are too injured to fight recklessly!
You barely miss Ijyb.
Ijyb zaps a wand.
The puff of flame hits you. The fire burns you terribly!
* * * LOW HITPOINT WARNING * * *
😨 HP[-6]
You take 6 damage, and now have 7/19 hp.
MASSIVE DAMAGE!! (PAUSE)
Casting: Necrotize (safe; 3% risk of failure)
Confirm with . or Enter, or press ? or * to list all spells.
Aiming: Necrotize (safe; 3% risk of failure)
Press: ? - help, Shift-Dir - straight line, f - Ijyb
Aim: Ijyb, wielding a +0 dagger, wearing a +0 leather armour and carrying a wand of flame (2) (moderately wounded, chance to affect: 79%) Ijyb writhes in agony.
Ijyb barely misses you. 😨 MP[-1]
You lost 1 mp, and now have 4/5 mp.
Casting: Necrotize (safe; 3% risk of failure)
Confirm with . or Enter, or press ? or * to list all spells.
Aiming: Necrotize (safe; 3% risk of failure)
Press: ? - help, Shift-Dir - straight line, f/p - Ijyb
Aim: Ijyb, wielding a +0 dagger, wearing a +0 leather armour and carrying a wand of flame (2) (heavily wounded, chance to affect: 79%) Ijyb barely resists.
Ijyb zaps a wand.
The puff of flame hits you! The fire burns you terribly!
Ouch! That really hurt!
You die...

Action                   || total
-------------------------++-------
Melee: Dagger            ||    16
       Unarmed           ||     2
 Cast: Necrotize         ||    16
  Use: Scroll            ||     3
 Stab: Sleeping          ||     3
Armor: Robe              ||     5
Dodge: Dodged            ||    13

Levels and vault maps discovered:
D:1:      lightli_iron_boxes, layout_basic
D:2:      layout_loops_ring, ebering_ecumenical_altar_petrified, minmay_domino_4
D:3:      layout_loops_ring, nicolae_ashenzari_skybound,
          mrwooster_statue_mirror, uniq_ijyb, uniq_sigmund

Notes
Turn   | Place    | Note
-------+----------+-------------------------------------------
     0 | D:1      | spaghetti the Mummy Necromancer began the quest for the
                  | Orb.
     0 | D:1      | Reached XP level 1. HP: 13/13 MP: 4/4
     0 | D:1      | magus.rc [v1.9.6]
    14 | D:1      | You add the spells Gell's Gravitas, Teleport Other and
                  | Dispersal to your library.
    76 | D:1      | HP: 1/13 [kobold/+2 dagger of flaming (3)]
   520 | D:1      | Reached XP level 2. HP: 17/19 MP: 1/5
   893 | D:2      | You fall into a shaft and drop 1 floor!
   975 | D:3      | Noticed Ijyb
   981 | D:3      | Killed from afar by Ijyb

Vanquished Creatures
  3 bats
  2 endoplasms (D:1)
  2 giant cockroaches
  3 jackals (D:1)
  A quokka (D:1)
  4 kobolds (D:1)
15 creatures vanquished.

Vanquished Creatures (collateral kills)
  A jackal (D:1)
  A ball python (D:1)
2 creatures vanquished.

Grand Total: 17 creatures vanquished

Table legend:
 A = Non-vault XP
 B = Vault XP
 C = Vault XP percentage of total XP
 D = Non-vault monster count
 E = Vault monster count
 F = Vault count percentage of total count
                 A         B        C        D         E       F
            +---------+---------+-------+---------+---------+-------
      Total |      28 |       0 |   0.0 |      17 |       0 |   0.0
            +---------+---------+-------+---------+---------+-------
        D:1 |      25 |       0 |   0.0 |      15 |       0 |   0.0
        D:3 |       3 |       0 |   0.0 |       2 |       0 |   0.0
            +---------+---------+-------+---------+---------+-------

Illustrated notes

Table legend:
 A = Kills in this place as a percentage of kills in entire the game.
 B = Kills by you in this place as a percentage of kills by you in the entire game.
 C = Kills by friends in this place as a percentage of kills by friends in the entire game.
 D = Other kills in this place as a percentage of other kills in the entire game.
 E = Experience gained in this place as a percentage of experience gained in the entire game.
 F = Experience gained in this place divided by the number of levels of this place that you have seen.
                   A       B       C       D       E      F
               +-------+-------+-------+-------+-------+----------------------
         Total | 100.0 | 100.0 | 100.0 |   N/A | 100.0 |   9.3
       Dungeon | 100.0 | 100.0 | 100.0 |   N/A | 100.0 |   9.3
               +-------+-------+-------+-------+-------+----------------------

Table legend: (Time is in decaauts)
 A = Elapsed time spent in this place.
 B = Non-inter-level travel time spent in this place.
 C = Inter-level travel time spent in this place.
 D = Time resting spent in this place.
 E = Time spent auto-exploring this place.
 F = Levels seen in this place.
 G = Mean time per level.
                   A        B        C        D        E       F      G
               +--------+--------+--------+--------+--------+-----+--------+
         Total |    980 |    914 |     66 |      0 |    816 |   3 |  326.7 |
       Dungeon |    980 |    914 |     66 |      0 |    816 |   3 |  326.7 |
               +--------+--------+--------+--------+--------+-----+--------+

Top non-repeatable levels by time:
     D:1: 892 daAuts
     D:3: 87 daAuts
